 Dungeon Crawl Stone Soup version 0.28-a0-724-g66f9036eb4 (webtiles) character file.

Game seed: 6920904656638146954

208 GordonOverkill the Skirmisher (level 6, -3/48 HPs)
             Began as a Djinni Berserker on Oct 27, 2021.
             Was a Believer of Trog.
             Slain by Eustachio (6 damage)
             ... on level 4 of the Dungeon.
             The game lasted 00:04:46 (2879 turns).

GordonOverkill the Skirmisher (Djinni Berserker)    Turns: 2879, Time: 00:04:47

Health: -3/48      AC:  8    Str: 20    XL:     6   Next: 11%
Gold:   102        EV:  8    Int:  9    God:    Trog [**....] SH:  0 Dex: 18

rFire   + + .      SeeInvis .   j - +2 demon whip (venom)
rCold   x . .      Faith    .   (no shield)
rNeg    . . .      Spirit   .   n - +0 chain mail
rPois   ∞          Reflect  .   (no helmet)
rElec   .          Harm     .   (no cloak)
rCorr   .          Rampage  .   (no gloves)
Will    .....                   (boots unavailable)
Stlth   ..........              (no amulet)
HPRegen 0.16/turn               i - +6 ring of dexterity
MPRegen 0.00/turn               (no ring)

@: brilliant, on berserk cooldown, flying, very slightly contaminated, hasted
and slowed, invisible
A: sickness immunity, fire resistance 2, cold vulnerability 1, float, innate
caster, hp casting, extra vitality 1, deterioration 1, strong 1
a: Renounce Religion, Berserk, Trog's Hand


You were on level 4 of the Dungeon.
You worshipped Trog.
Trog was pleased with you.
You visited 1 branch of the dungeon, and saw 4 of its levels.

You collected 102 gold pieces.

Inventory:

Hand Weapons
 a - a +0 hand axe
 f - a +0 whip of electrocution
 j - a +2 demon whip of venom (weapon)
Armour
 n - a +0 chain mail (worn)
Jewellery
 i - a +6 ring of dexterity (left hand)
Scrolls
 b - a scroll of identify {unknown}
 e - 2 scrolls of blinking {unknown}
 g - a scroll of brand weapon {unknown}
 h - 2 scrolls of teleportation {unknown}
 m - 2 scrolls of immolation {unknown}


   Skills:
 + Level 4.4 Fighting
 - Level 3.6(4.0) Axes
 * Level 2.2(3.2) Maces & Flails
 - Level 2.0 Armour
 - Level 2.1 Dodging


You had 2 spell levels left.
You knew the following spells:

 Your Spells              Type           Power      Damage    Failure   Level
a - Apportation           Tloc           0%         N/A       99%         1
b - Poisonous Vapours     Pois/Air       0%         N/A       100%        2
Your spell library was empty.


Dungeon Overview and Level Annotations

Branches:
Dungeon (4/15)
 Temple: D:4-7

Altars:
Cheibriados
Nemelex Xobeh
Sif Muna
Xom

Annotations:
D:4 Eustachio, Ijyb


Innate Abilities, Weirdness & Mutations

You are immune to sickness and miasma.
You are immune to poison.
Your flesh is very heat resistant. (rF++)
You are vulnerable to cold. (rC-)
You float through the air rather than walking.
You learn spells naturally, not from books.
Your magical power is your life essence.
You have superior vitality. (+4 HP)
Your body sometimes deteriorates upon taking damage.
Your muscles are strong. (Str +2)


Message History

It was a potion of invisibility.
You fade into invisibility!
Eustachio hits you but does no damage. The river rat closely misses you.
Eustachio gestures wildly while chanting.
The river rat closely misses you.
You are very lightly contaminated with residual magic.
It was a potion of mutation.
You feel extremely strange.
You feel stronger.
You feel yourself wasting away.
The crimson imp shouts!
The quasit gives a chilling moan.
Eustachio asks, "How can you live without manners, virtues and honour?"
Ijyb zaps a wand.
The orc resists with significant effort.
The river rat barely misses you.
It was a potion of haste.
You feel yourself speed up.
The crimson imp shouts!
The orc shouts!
The quasit gives a chilling moan.
Ijyb screams, "I dance on your bones!"
Ijyb zaps a wand.
The orc resists with significant effort.
The river rat bites you but does no damage.
Unknown command.
Okay, then.
You aren't carrying any items that you can evoke.
Unknown command.
Unknown command.
Unknown command.
Unknown command.
You hit Eustachio.
Eustachio is poisoned.
Eustachio is severely wounded.
Ijyb zaps a wand.
The orc is charmed!
Eustachio hits you but does no damage.
The river rat bites you but does no damage.
You catch the helpless Eustachio completely off-guard!
You hit Eustachio.
Eustachio looks as sick as possible!
Eustachio is severely wounded.
The crimson imp shouts!
The river rat barely misses you.
You completely miss Eustachio.
Eustachio is severely wounded.
The crimson imp shouts!
Eustachio hits you with a +4 rapier of flaming.
You die...

.........†.....#
..♣.♣♣♣♣♣.♣...## .......
..♣.......♣...# .>.....
..♣.♣...♣.♣...# .......
..♣.♣._.♣.♣...# .......
..♣.♣...♣.♣...# .......
..♣.......♣..## .......
..♣.♣♣♣♣♣.♣..#####br.....
#............55@@rog.....
##################r......
....... ....... .......
....... ....... #######


You could see Eustachio (extremely poisoned), Ijyb, a quasit (summoned), a
crimson imp (summoned, wandering), 2 river rats, an orc (hexed), a bat
(summoned) and a rat (summoned).

Vanquished Creatures
  A howler monkey (D:4)
  A jelly (D:3)
  An orc priest (D:4)
  An orc wizard (D:4)
  3 adders
  A worm (D:2)
  2 dart slugs
  4 orcs
  6 endoplasms
  4 goblins
  5 hobgoblins
  A jackal (D:1)
  3 kobolds
  3 quokkas
  3 ball pythons
  3 bats
  3 frilled lizards
  A rat (D:3)
46 creatures vanquished.

Notes
Turn   | Place    | Note
-------+----------+-------------------------------------------
     0 | D:1      | GordonOverkill the Djinni Berserker began the quest for the
                  | Orb.
     0 | D:1      | Reached XP level 1. HP: 20/20 MP: 0/0
   747 | D:1      | Reached XP level 2. HP: 25/25 MP: 0/0
   778 | D:1      | Found a faded altar of an unknown god.
  1095 | D:2      | Reached XP level 3. HP: 30/30 MP: 0/0
  1095 | D:2      | Learned a level 1 spell: Apportation
  1739 | D:3      | Found a sparkling altar of Nemelex Xobeh.
  1787 | D:3      | Reached XP level 4. HP: 35/35 MP: 0/0
  2102 | D:3      | Found a snail-covered altar of Cheibriados.
  2270 | D:3      | Reached ** piety under Trog
  2440 | D:3      | Reached skill level 4 in Fighting
  2440 | D:3      | Reached XP level 5. HP: 38/41 MP: 0/0
  2440 | D:3      | Learned a level 2 spell: Poisonous Vapours
  2763 | D:4      | Reached skill level 1 in Maces & Flails
  2765 | D:4      | Found a shimmering altar of Xom.
  2846 | D:4      | Noticed Eustachio
  2848 | D:4      | Noticed Ijyb
  2866 | D:4      | Reached XP level 6. HP: 42/48 MP: 0/0
  2871 | D:4      | HP: 3/72 [orc (3)]
  2875 | D:4      | Gained mutation: Your muscles are strong. (Str +2) [potion
                  | of mutation]
  2875 | D:4      | Gained mutation: Your body sometimes deteriorates upon
                  | taking damage. [potion of mutation]
  2879 | D:4      | Slain by Eustachio

Illustrated notes

Levels and vault maps discovered:
D:1:      dpeg_arrival_brainrot, layout_basic, basic_ecumenical_altar
D:2:      layout_loops_ring
D:3:      layout_loops_ring, mainiacjoe_overflow_alcove_1, old_standard_altar,
          nemelex_dance_club_becter, corexii_leaking_fountain
D:4:      layout_basic, mainiacjoe_overflow_cross_hatched,
          minmay_temple_entry_sparse_star, uniq_eustachio, uniq_ijyb

Skill      XL: |  1  2  3  4  5 |
---------------+----------------+-----
Axes           | 3 |  3.6
Fighting       | 4 |  4.4
Maces & Flails | 2 |  2.2
Armour         | |  2.0
Dodging        | |  2.1

Action                   |  1- 3 |  4- 6 || total
-------------------------+-------+-------++-------
Melee: Hand axe          |    16 |       ||    16
       Whip              |    81 |    16 ||    97
       Demon whip        |       |    56 ||    56
Invok: Berserk           |     2 |     2 ||     4
  Use: Potion            |       |     4 ||     4
 Stab: Invisible         |       |     1 ||     1
Armor: Ring mail         |    47 |     8 ||    55
       Chain mail        |       |    16 ||    16
Dodge: Dodged            |    62 |    26 ||    88

Table legend: (Time is in decaauts)
 A = Elapsed time spent in this place.
 B = Non-inter-level travel time spent in this place.
 C = Inter-level travel time spent in this place.
 D = Time resting spent in this place.
 E = Time spent auto-exploring this place.
 F = Levels seen in this place.
 G = Mean time per level.
                   A        B        C        D        E       F      G
               +--------+--------+--------+--------+--------+-----+--------+
         Total |   2898 |   2730 |    168 |    359 |   1927 |   4 |  724.5 |
       Dungeon |   2898 |   2730 |    168 |    359 |   1927 |   4 |  724.5 |
               +--------+--------+--------+--------+--------+-----+--------+

Top non-repeatable levels by time:
     D:3: 1060 daAuts
     D:1: 938 daAuts
     D:2: 699 daAuts
     D:4: 200 daAuts
